 Dungeon Crawl Stone Soup version 0.17-a0-1763-g847a857 (webtiles) character file.

47 abixa the Ruffian (level 3, -4/36 HPs)
             Began as a Troll Chaos Knight on Sept 4, 2015.
             Slain by Crazy Yiuf
             ... wielding a +3 quarterstaff of chaos
              (9 damage)
             ... on level 2 of the Dungeon.
             The game lasted 00:04:49 (826 turns).

abixa the Ruffian (Troll Chaos Knight)               Turns: 826, Time: 00:04:50

Health: -4/36      AC:  7    Str: 20    XL:     3   Next: 48%
Magic:  2/2        EV: 10    Int:  8    God:    Xom [..*...]
Gold:   95         SH:  0    Dex: 10    Spells: 0 memorised, 2 levels left

rFire  . . .     SeeInvis .       - Unarmed
rCold  . . .     Clarity  .     a - +2 robe
rNeg   . . .     SustAt   .     (no shield)
rPois  .         Gourm    +     (helmet restricted)
rElec  .         Spirit   .     (no cloak)
rCorr  .         Warding  .     (gloves unavailable)
rMut   .         Stasis   .     (boots unavailable)
MR     .....                    (no amulet)
Stlth  +.........               (no ring)
                                (no ring)

@: not resistant to hostile enchantments, very unstealthy
A: unfitting armour, claws 3, fast metabolism 3, gourmand, regeneration 2,
shaggy fur 1, tough skin 2
a: Renounce Religion


You were on level 2 of the Dungeon.
You worshipped Xom.
You were a toy of Xom.
You were very full.

You visited 1 branch of the dungeon, and saw 2 of its levels.

You collected 95 gold pieces.

Inventory:

Hand weapons
 d - a +0 spear
Missiles
 c - 27 stones (quivered)
 g - 13 arrows
 i - 18 bolts of flame
 l - 54 bolts
 n - 16 poisoned needles
 q - 3 large rocks
Armour
 a - a +2 robe (worn)
Scrolls
 f - a scroll of random uselessness {unknown}
 j - a scroll of magic mapping {unknown}
 o - a scroll of remove curse {unknown}
Potions
 e - a potion of might {unknown}
 h - a potion of agility {unknown}
 k - a potion of beneficial mutation {unknown}
 p - a potion of curing {unknown}
Comestibles
 b - 3 bread rations
 m - a beef jerky


   Skills:
 - Level 2.4 Fighting
 - Level 1.9 Dodging
 + Level 4.5 Unarmed Combat


You had 2 spell levels left.
You didn't know any spells.

Dungeon Overview and Level Annotations

Branches:
Dungeon (2/15)

Altars:
Ashenzari
Trog

Annotations:
D:2 Crazy Yiuf


Innate Abilities, Weirdness & Mutations

You are too large for most types of armour.
You have claws for hands.
Your metabolism is lightning-fast.
You like to eat raw meat.
You heal very quickly.
You are covered in fur (AC +1).
You have very tough skin (AC +2).


Message History

You are too injured to fight recklessly!
You claw Crazy Yiuf!
Crazy Yiuf is almost dead.
Crazy Yiuf hits you with a quarterstaff of chaos.
Crazy Yiuf burns you.
You closely miss Crazy Yiuf.
Crazy Yiuf is almost dead.
Crazy Yiuf closely misses you.
You scratch Crazy Yiuf.
Crazy Yiuf is almost dead.
Crazy Yiuf hits you with a quarterstaff of chaos!
* * * LOW HITPOINT WARNING * * *
Crazy Yiuf freezes you.
* * * LOW HITPOINT WARNING * * *
You scratch Crazy Yiuf but do no damage.
Crazy Yiuf is almost dead.
You barely miss Crazy Yiuf.
Crazy Yiuf is almost dead.
Crazy Yiuf hits you with a quarterstaff of chaos!
You die...

#..##
#...##
#....#
#....#
#+..'#
♣....♣
♣...♣♣
♣♣.♣♣
♣@♣♣
♣♣g♣
♣(♣
♣♣(♣
.# ..
..#
.)#
###


You could see Crazy Yiuf.

Vanquished Creatures
  An ooze (D:1)
  A worm (D:2)
  6 bats
  4 giant cockroaches
  4 hobgoblins
  A ball python (D:2)
  4 giant newts
  5 goblins
  8 kobolds
  5 rats
39 creatures vanquished.

Notes
Turn   | Place    | Note
--------------------------------------------------------------
     0 | D:1      | abixa the Troll Chaos Knight began the quest for the Orb.
     0 | D:1      | Reached XP level 1. HP: 22/22 MP: 0/0
    23 | D:1      | XOM: potion effect (haste)
    37 | D:1      | Reached XP level 2. HP: 29/29 MP: 1/1
   183 | D:1      | XOM: noise
   184 | D:1      | Reached skill level 4 in Unarmed Combat
   336 | D:1      | Reached XP level 3. HP: 36/36 MP: 2/2
   479 | D:2      | Found a bloodstained altar of Trog.
   491 | D:2      | Found a shattered altar of Ashenzari.
   661 | D:2      | Found a faded altar to an unknown god.
   673 | D:2      | XOM: divination: magic mapping
   813 | D:2      | Noticed Crazy Yiuf
   826 | D:2      | Slain by Crazy Yiuf

Vault maps used:
D:1:      dpeg_arrival_tiny_f, hangedman_decor_growths, minmay_bisected
D:2:      kennysheep_big_flooded_room, minitemple, ecumenical_altar_1,
          nemelex_spade_bored_becter, uniq_crazy_yiuf_cottage

Action                   || total
-------------------------++-------
Melee: Unarmed           ||   109
Throw: Stone             ||     2
  Eat: Chunk             ||    12
